 Dungeon Crawl Stone Soup version 0.28-a0-773-g130ae17fe5 (webtiles) character file.

Game seed: 17470537565735404359

57 flotson the Sneak (level 3, -1/29 HPs)
             Began as a Demonspawn Delver on Nov 1, 2021.
             Slain by a killer bee zombie (7 damage)
             ... on level 6 of the Dungeon.
             The game lasted 00:02:11 (926 turns).

flotson the Sneak (Demonspawn Delver)                Turns: 926, Time: 00:02:11

Health: -1/29      AC:  3    Str: 13    XL:     3   Next: 73%
Magic:  3/3        EV: 12    Int: 14    God:
Gold:   5          SH:  0    Dex: 16    Spells: 2/2 levels left

rFire   . . .      SeeInvis +   d - +8 mace of the Dancing Jester {vamp, Fragile Int+3 SInv}
rCold   . . .      Faith    .   (no shield)
rNeg    . . .      Spirit   .   b - +0 leather armour
rPois   .          Reflect  .   (no helmet)
rElec   .          Harm     .   (no cloak)
rCorr   .          Rampage  .   (no gloves)
Will    .....                   (no boots)
Stlth   ++++......              (no amulet)
HPRegen 0.09/turn               (no ring)
MPRegen 0.08/turn               (no ring)

@: no status effects
A: thin skeletal structure 1, ignite blood 1
a: no special abilities


You were on level 6 of the Dungeon.
You visited 2 branches of the dungeon, and saw 5 of its levels.

You collected 5 gold pieces.

Inventory:

Hand Weapons
 a - a +0 hand axe
 d - the +8 mace of the Dancing Jester (weapon) {vamp, Fragile Int+3 SInv}
   (You found it on level 5 of the Dungeon)

   It occasionally heals its wielder for a portion of the damage dealt when it
   wounds a living foe.
   Int:       It affects your intelligence (+3).
   SInv:      It lets you see invisible.
   Fragile:   It will be destroyed if unequipped.
Armour
 b - a +0 leather armour (worn)
Wands
 g - a wand of digging (3)
Scrolls
 c - a scroll of fog
 e - a scroll of fear
 f - 2 scrolls of enchant weapon {unknown}


   Skills:
 + Level 3.6 Fighting
 - Level 1.7 Axes
 + Level 1.6 Armour
 + Level 2.5 Dodging
 - Level 4.5 Stealth


You had 2 spell levels left.
You didn't know any spells.
Your spell library contained the following spells:

 Spells                   Type           Power      Damage    Failure   Level
 Freeze                   Ice            0%         1d3       36%         1
 Frozen Ramparts          Ice            0%         1d2       73%         3
 Hailstorm                Conj/Ice       0%         3d3       98%         4


Dungeon Overview and Level Annotations

Branches:
Dungeon (5/15)             Temple (1/1) D:5

Altars:
Ashenzari
Cheibriados
Dithmenos
Elyvilon
Fedhas
Gozag
Hepliaklqana
Makhleb
Nemelex Xobeh
Okawaru
Qazlal
Ru
Sif Muna
Trog
Uskayaw
Vehumet
Wu Jian
Xom
Yredelemnul
Zin
The Shining One


Innate Abilities, Weirdness & Mutations

You have a somewhat thin skeletal structure. (Dex +2, Stealth+)
Your demonic aura sometimes causes spilled blood to erupt in flames.


Message History

You feel sick.
You feel sick.
You are no longer poisoned.
An ice beast comes into view.
You open the door.
There is an open door here.
Found 16 stones.
You close the door.
A killer bee zombie comes into view.
The helpless killer bee zombie fails to defend itself.
You hit the killer bee zombie.
The killer bee zombie is moderately damaged.
The killer bee zombie hits you. x2
You barely miss the killer bee zombie.
The killer bee zombie is moderately damaged.
The killer bee zombie barely misses you.
The killer bee zombie closely misses you.
The killer bee zombie hits you.
You hit the killer bee zombie.
The killer bee zombie is heavily damaged.
The killer bee zombie barely misses you. x2
The killer bee zombie hits you.
You are too injured to fight recklessly!
You are too injured to fight recklessly!
You are too injured to fight recklessly!
You are too injured to fight recklessly!
You are too injured to fight recklessly!
You closely miss the killer bee zombie.
The killer bee zombie is heavily damaged.
The killer bee zombie barely misses you.
The killer bee zombie hits you.
You barely miss the killer bee zombie.
The killer bee zombie is heavily damaged.
The killer bee zombie hits you.
* * * LOW HITPOINT WARNING * * *
The killer bee zombie closely misses you.
You barely miss the killer bee zombie.
The killer bee zombie is heavily damaged.
The killer bee zombie hits you!
You die...

#...........#
....#
#...........#
...
#...........#
..
#...........#
#....########
#(...##.....#
#...........##
#............#
#.........@Z.#
#............#
#............#
#............#
#....####...##
###### #...#
.....# .....#


You could see a killer bee zombie.

Vanquished Creatures
  A bullfrog skeleton (D:5)
  A howler monkey zombie (D:5)
  An adder (D:6)
  A worm (D:4)
  A giant cockroach (D:4)
  A hobgoblin (D:3)
  A ball python (D:4)
  A kobold (D:4)
8 creatures vanquished.

Notes
Turn   | Place    | Note
-------+----------+-------------------------------------------
     0 | D:5      | flotson the Demonspawn Delver began the quest for the Orb.
     0 | D:5      | Reached XP level 1. HP: 18/18 MP: 1/1
    26 | D:5      | Reached skill level 1 in Armour
    26 | D:5      | Gained mutation: You have a somewhat thin skeletal
                  | structure. (Dex +2, Stealth+) [demonic ancestry]
    26 | D:5      | Reached XP level 2. HP: 11/24 MP: 2/2
    26 | D:5      | Gained mutation: Your demonic aura sometimes causes spilled
                  | blood to erupt in flames. [demonic ancestry]
    26 | D:5      | Reached XP level 3. HP: 13/29 MP: 3/3
   537 | D:5      | Found a staircase to the Ecumenical Temple.
   545 | Temple   | Entered the Ecumenical Temple
   724 | D:5      | Noticed a scorpion
   774 | D:5      | Identified the +8 mace of the Dancing Jester {vamp, Fragile
                  | Int+3 SInv}
   855 | D:3      | You fall into a shaft and drop 3 floors!
   889 | D:6      | Noticed an ice beast
   926 | D:6      | Slain by a killer bee zombie

Illustrated notes

Levels and vault maps discovered:
D:3:      layout_loops_ring, serial_forest, infiniplex_forest_lined_2,
          infiniplex_forest_clump_medium, infiniplex_forest_clump_tiny,
          infiniplex_forest_lined_room_3, infiniplex_forest_zigzag_1,
          infiniplex_forest_clump_double, infiniplex_forest_diagonal,
          portal_sewer_entry_e
D:4:      layout_cave_pools, lemuel_zombie_altar_kikubaaqudgha, serial_shops,
          kennysheep_mini_moat
D:5:      layout_loops_corners, minmay_temple_entry_wispy
D:6:      layout_gridville, ebering_ghost_sewer_f, chequers_garden
Temple:   kilobyte_greek_temple

Skill      XL: |  1 |
---------------+----+-----
Armour         | 1 |  1.6
Dodging        | 2 |  2.5
Fighting       | |  3.6
Axes           | |  1.7
Stealth        | |  4.5

Action                   || total
-------------------------++-------
Melee: Hand axe          ||    44
       Mace              ||    17
  Use: Potion            ||     1
       Scroll            ||     1
 Stab: Distracted        ||     1
       Sleeping          ||     3
Armor: Leather armour    ||    10
Dodge: Dodged            ||    39

Table legend: (Time is in decaauts)
 A = Elapsed time spent in this place.
 B = Non-inter-level travel time spent in this place.
 C = Inter-level travel time spent in this place.
 D = Time resting spent in this place.
 E = Time spent auto-exploring this place.
 F = Levels seen in this place.
 G = Mean time per level.
                   A        B        C        D        E       F      G
               +--------+--------+--------+--------+--------+-----+--------+
         Total |    927 |    886 |     41 |      0 |    660 |   5 |  185.4 |
       Dungeon |    765 |    764 |      1 |      0 |    551 |   4 |  191.2 |
        Temple |    161 |    121 |     40 |      0 |    109 |   1 |  161.0 |
               +--------+--------+--------+--------+--------+-----+--------+

Top non-repeatable levels by time:
     D:5: 611 daAuts
  Temple: 161 daAuts
     D:6: 74 daAuts
     D:4: 52 daAuts
     D:3: 27 daAuts
